 Dungeon Crawl Stone Soup version 0.21-a0-1-gaf3b9a5 (webtiles) character file.

3199 kuniqs the Skirmisher (level 9, -5/48 HPs)
             Began as a Vine Stalker Fighter on May 20, 2017.
             Was a Believer of Uskayaw.
             Killed by divine providence
             ... invoked by an orc priest
              (14 damage)
             ... on level 8 of the Dungeon.
             The game lasted 00:09:48 (6014 turns).

kuniqs the Skirmisher (Vine Stalker Fighter)        Turns: 6014, Time: 00:09:49

Health: -5/48      AC: 11    Str: 19    XL:     9   Next: 96%
Magic:  0/12       EV: 11    Int:  8    God:    Uskayaw [**....]
Gold:   196        SH: 12    Dex: 17    Spells: 8/8 levels left

rFire    . . .     SeeInvis .   s - +9 short sword
rCold    + . .     Gourm    .   b - +2 shield
rNeg     . . .     Faith    .   B - +1 scale mail {rC+}
rPois    .         Spirit   +   q - +0 helmet
rElec    .         Reflect  .   h - +0 cloak
rCorr    .         Harm     .   (no gloves)
MR       .....                  (no boots)
Stlth    +.........             (no amulet)
Regen    0.6/turn               (no ring)
MPRegen  0.2/turn               (no ring)

@: about to teleport, vulnerable
A: fangs 3, regeneration 1, magic shield, antimagic bite, no potion heal 3, rot
immunity
a: Stomp, Line Pass, Renounce Religion


You were on level 8 of the Dungeon.
You worshipped Uskayaw.
Uskayaw was noncommittal.
You were not hungry.

You visited 2 branches of the dungeon, and saw 9 of its levels.
You also visited: Sewer.

You collected 319 gold pieces.
You spent 123 gold pieces at shops.

Inventory:

Hand Weapons
 l - a +2 dagger of draining
 s - a +9 short sword (weapon)
 u - a +1 dagger of electrocution
Missiles
 i - 7 steel javelins (quivered)
 o - a throwing net
Armour
 b - a +2 shield (worn)
 h - a +0 cloak (worn)
 q - a +0 helmet (worn)
 B - a +1 scale mail of cold resistance (worn)
Wands
 y - a wand of flame (29/48)
 z - a wand of flame (33/48)
Scrolls
 a - a scroll of identify {@r1}
 j - 3 scrolls of remove curse {@r2}
 m - 4 scrolls of teleportation
 p - a scroll of immolation
 r - 2 scrolls of magic mapping
 t - a scroll of fear {unknown}
 D - a scroll of brand weapon {unknown}
 H - a scroll of fog {unknown}
 J - 3 scrolls of vulnerability
 L - a scroll of enchant weapon
Potions
 c - 2 potions of brilliance
 f - a potion of might
 k - 2 potions of haste
 n - 3 potions of curing {@q1}
 v - a potion of ambrosia
 w - 3 potions of cancellation
 A - a potion of lignification
 C - a potion of degeneration
 E - a potion of heal wounds {unknown}
 F - a potion of agility
 I - a potion of mutation {unknown}
 K - a potion of berserk rage {unknown}
Comestibles
 d - 6 bread rations
 e - 2 meat rations
 g - 3 royal jellies


   Skills:
 + Level 5.9 Fighting
 + Level 5.3 Short Blades
 + Level 5.7 Armour
 + Level 4.6 Dodging
 + Level 3.2 Stealth
 + Level 5.7 Shields
 + Level 3.1 Invocations


You had 8 spell levels left.
You didn't know any spells.

Dungeon Overview and Level Annotations

Branches:
Dungeon (8/15)             Temple (1/1) D:6            Lair (0/6) D:8

Altars:
Ashenzari
Cheibriados
Dithmenos
Elyvilon
Hepliaklqana
Kikubaaqudgha
Makhleb
Nemelex Xobeh
Okawaru
Qazlal
Ru
Trog
Uskayaw
Vehumet
Wu Jian
Xom
Yredelemnul
Zin
The Shining One

Shops:
D:4 *

Annotations:
D:1 1 exclusion


Innate Abilities, Weirdness & Mutations

You have razor-sharp teeth.
Your natural rate of healing is unusually fast.
When hurt, damage is shared between your health and your magic reserves.
Your bite disrupts and absorbs the magic of your enemies.
Potions cannot restore your health.
You are immune to rotting.


Message History

You miss something. Your bite misses something.
Something hits you but does no damage.
The orc priest casts a cantrip, but nothing happens.
A wight comes into view. It is wielding a great sword.
You closely miss something. Your bite misses something.
The wight moves out of view.
Something hits you but does no damage.
You puncture something! Something hits you but does no damage.
You puncture something!
Reactivating autopickup.
You feel a bit more experienced.
The orc priest calls down the wrath of Beogh upon you.
You struggle to resist.
The orc priest calls down the wrath of Beogh upon you.
Beogh smites you!
* * * LOW HITPOINT WARNING * * *
As you read the scroll of teleportation, it crumbles to dust.
You feel strangely unstable.
The orc priest invokes the aid of Beogh against you.
Beogh smites you!
You die...

#.......# #######.##
#....#####... ##
#............ .#
#....#####...
.########.### ........#.#
#
.######.#.#########o###.#
................@ozz.....
###################o.####
.# #


You could see 2 wights, 2 orc priests and an orc.

Vanquished Creatures
  Pikel (D:6)
  Menkaure (D:6)
  Edmund (D:6)
  An orc warrior (D:6)
  A slave (D:6)
  A sky beast (D:6)
  3 ogres
  5 wolves
  A centaur (D:7)
  2 big kobolds
  3 bullfrogs
  3 wights
  2 howler monkeys (D:8)
  2 crimson imps
  A centaur zombie (D:5)
  A jelly (D:7)
  3 orc priests
  3 hounds
  6 orc wizards
  2 iguanas (D:7)
  6 worker ants
  3 howler monkey zombies
  11 gnolls
  8 adders
  3 shadow imps
  An adder zombie (D:6)
  A worm (D:3)
  5 dart slugs (D:1)
  3 leopard geckos
  19 orcs
  2 ball pythons
  17 giant cockroaches
  3 goblins
  5 hobgoblins
  2 jackals (D:1)
  4 quokkas
  5 bats
  6 frilled lizards
  2 jackal skeletons
  A jackal zombie (D:7)
  21 kobolds
  A leopard gecko skeleton (D:4)
  7 rats
179 creatures vanquished.

Vanquished Creatures (others)
  2 slaves (D:6)
  A black bear (D:6)
  A giant cockroach (D:6)
4 creatures vanquished.

Grand Total: 183 creatures vanquished

Notes
Turn   | Place    | Note
-------+----------+-------------------------------------------
     0 | D:1      | kuniqs the Vine Stalker Fighter began the quest for the Orb.
     0 | D:1      | Reached XP level 1. HP: 11/11 MP: 2/2
   129 | D:1      | Reached XP level 2. HP: 14/16 MP: 3/3
   519 | D:1      | Reached XP level 3. HP: 19/19 MP: 4/4
  1173 | D:2      | Reached skill level 1 in Dodging
  1191 | D:2      | Gained mutation: Your natural rate of healing is unusually fast. [Vine Stalker growth]
  1191 | D:2      | Reached XP level 4. HP: 18/24 MP: 5/5
  1599 | D:3      | Found an iron altar of Okawaru.
  1619 | D:3      | Reached XP level 5. HP: 28/28 MP: 6/6
  2037 | D:3      | Reached XP level 6. HP: 27/32 MP: 7/7
  2754 | D:4      | Found Caxuq's General Store.
  2762 | D:4      | Bought a scroll of magic mapping for 45 gold pieces
  2762 | D:4      | Bought a potion of lignification for 39 gold pieces
  2762 | D:4      | Bought a scroll of identify for 26 gold pieces
  2762 | D:4      | Bought a scroll of random uselessness for 13 gold pieces
  2934 | D:5      | Entered Level 5 of the Dungeon
  3014 | D:5      | Found a sparkling altar of Nemelex Xobeh.
  3122 | D:5      | Reached XP level 7. HP: 36/37 MP: 8/8
  3851 | D:6      | Noticed Edmund
  3868 | D:6      | Killed Edmund
  3914 | D:6      | Noticed Pikel
  3952 | D:6      | Killed Pikel
  3952 | D:6      | Reached skill level 5 in Fighting
  3952 | D:6      | Gained mutation: You have razor-sharp teeth. [Vine Stalker growth]
  3952 | D:6      | Reached XP level 8. HP: 43/43 MP: 6/9
  4023 | D:6      | Got a spiked leather armour
  4024 | D:6      | Identified the +1 leather armour "Hori" {Str+3} (You found it on level 6 of the Dungeon)
  4127 | D:6      | Found a staircase to the Ecumenical Temple.
  4141 | Temple   | Entered the Ecumenical Temple
  4195 | Temple   | Became a worshipper of Uskayaw the Reveler
  4282 | D:6      | Reached * piety under Uskayaw
  4288 | D:6      | Found a glowing drain.
  4292 | Sewer    | Entered a sewer
  4309 | Sewer    | Reached ** piety under Uskayaw
  4428 | Sewer    | Reached *** piety under Uskayaw
  4676 | D:6      | Reached skill level 1 in Invocations
  4689 | D:6      | Noticed Menkaure
  4694 | D:6      | Killed Menkaure
  4775 | D:6      | Reached skill level 5 in Shields
  4775 | D:6      | Reached XP level 9. HP: 43/47 MP: 9/11
  4972 | D:6      | Reached skill level 5 in Armour
  5111 | D:7      | Reached skill level 1 in Stealth
  5662 | D:8      | Found a staircase to the Lair.
  5663 | D:8      | Noticed a troll
  5701 | D:8      | Reached **** piety under Uskayaw
  5704 | D:8      | Reached ***** piety under Uskayaw
  5706 | D:8      | Reached skill level 5 in Short Blades
  5710 | D:8      | Reached ****** piety under Uskayaw
  5868 | D:8      | Found a burning altar of Makhleb.
  6014 | D:8      | Killed from afar by an orc priest

Vault maps used:
D:1:      minmay_arrival_widening_spiral_wide, due_unseen_surprise
D:2:      dk_noncrumbling_3
D:3:      first_bread, okawaru_gym_becter
D:4:      serial_shops, shop
D:5:      overflow_temple_1_default, grunt_decor_arrowhead,
          minmay_misc_feat_plants, minmay_misc_feat_roman
D:6:      temple_doors_e, gup_sewer_entry_bowl, minmay_unpleasant_kobolds,
          uniq_pikel, uniq_menkaure, uniq_edmund
D:8:      erik_lair_island, makhleb_heckhound_becter
Temple:   compressed_dpeg_triangle_lava_temple
Sewer:    sewer_frog_island_01

Skill      XL: |  1  2  3  4  5  6  7  8  9 |
---------------+----------------------------+-----
Short Blades   | 2 3 4 5 |  5.3
Armour         | 3 4 5 |  5.7
Fighting       | 3 5 |  5.9
Dodging        | 1 2 3 4 |  4.6
Shields        | 3 4 5 |  5.7
Invocations    | 1 3 |  3.1
Stealth        | 3 |  3.2

Action                   |  1- 3 |  4- 6 |  7- 9 || total
-------------------------+-------+-------+-------++-------
Melee: Rapier            |    30 |       |       ||    30
       Bite              |    15 |    37 |    87 ||   139
       Dagger            |    37 |       |       ||    37
       Short sword       |     7 |   123 |   308 ||   438
Throw: Javelin           |       |       |     1 ||     1
Invok: Grand Finale      |       |       |     1 ||     1
  Use: Scroll            |     1 |     9 |     9 ||    19
 Stab: Paralysed         |       |       |     3 ||     3
  Eat: Chunk             |     1 |     6 |    11 ||    18
Armor: Scale mail        |    23 |    42 |    78 ||   143
Dodge: Dodged            |    19 |    30 |    78 ||   127
Block: Shield            |    23 |    41 |   152 ||   216
